 Dungeon Crawl Stone Soup version 0.16-a0-3963-gf3423b3 (webtiles) character file.

52 abixa the Cudgeler (level 3, -5/39 HPs)
             Began as an Ogre Berserker on Feb 10, 2015.
             Was a Believer of Trog.
             Slain by a gnoll
             ... wielding a +0 spear
              (8 damage)
             ... on level 2 of the Dungeon.
             The game lasted 00:03:57 (1031 turns).

abixa the Cudgeler (Ogre Berserker)                 Turns: 1031, Time: 00:03:57

Health: -5/39      AC:  3    Str: 22    XL:     3   Next: 85%
Magic:  3/3        EV: 10    Int:  6    God:    Trog [**....]
Gold:   111        SH:  0    Dex: 10    Spells: 0 memorised, 2 levels left

rFire  . . .     SeeInvis .     a - +0 mace
rCold  . . .     Clarity  .     b - +0 animal skin
rNeg   . . .     SustAb   .     (shield restricted)
rPois  .         Gourm    .     (helmet restricted)
rElec  .         Spirit   .     (no cloak)
rCorr  .         Warding  .     (gloves unavailable)
rMut   .         Stasis   .     (boots unavailable)
MR     .....                    (no amulet)
Stlth  +.........               (no ring)
                                (no ring)

@: not resistant to hostile enchantments, very unstealthy
A: unfitting armour, tough skin 1
a: Burn Spellbooks, Berserk, Trog's Hand, Renounce Religion


You were on level 2 of the Dungeon.
You worshipped Trog.
Trog was pleased with you.
You were hungry.

You visited 1 branch of the dungeon, and saw 2 of its levels.

You collected 111 gold pieces.

Inventory:

Hand weapons
 a - a +0 mace (weapon)
Missiles
 d - 33 stones (quivered)
 e - 14 bolts
 j - 2 throwing nets
 q - 17 arrows
Armour
 b - a +0 animal skin (worn)
Jewellery
 m - a +3 ring of protection {unknown}
 p - an uncursed ring of stealth {unknown}
Scrolls
 f - a scroll of enchant weapon {unknown}
 g - a scroll of recharging {unknown}
 k - a scroll of teleportation {unknown}
 n - a scroll of magic mapping {unknown}
 o - a scroll of identify {unknown}
Potions
 h - a potion of cure mutation {unknown}
 l - a potion of might {unknown}
 r - 2 potions of poison {unknown}
 s - a potion of brilliance {unknown}
Comestibles
 c - a meat ration
 i - a royal jelly
 t - 3 fruits


   Skills:
 - Level 4.0 Fighting
 - Level 5.4 Maces & Flails
 + Level 2.1 Throwing
 - Level 1.5 Armour
 - Level 1.7 Dodging


You had 2 spell levels left.
You didn't know any spells.

Dungeon Overview and Level Annotations

Branches:
Dungeon (2/15)

Altars:


Innate Abilities, Weirdness & Mutations

You are too large for most types of armour.
You have tough skin (AC +1).


Message History

* * * LOW HITPOINT WARNING * * *
You hit the gnoll.
The gnoll is almost dead.
The gnoll hits you with a spear.
* * * LOW HITPOINT WARNING * * *
You closely miss the gnoll.
The gnoll is almost dead.
The gnoll closely misses you. x2
You hit the gnoll.
You kill the gnoll!
Trog accepts your kill.
Your Throwing skill increases to level 2!
You barely miss the gnoll. The gnoll hits you with a spear.
* * * LOW HITPOINT WARNING * * *
You are feeling hungry.
You barely miss the gnoll. The gnoll closely misses you.
You hit the gnoll.
The gnoll is lightly wounded.
The gnoll hits you with a spear!
You die...

......# ......# ###########
......# #...#.)...# ......#
#...#.###.#
......#########...'...#.#
....).##.....w#...#.#.#.####
....<.((g((().............>#
..K.####......#g#.#.#.#....#
...g#
#......#.#@#.#.#########
....#
########.g.#.#....#....#
.w### #####.#.##.#.##.#
#.### ###..........#.#..#
....# ##......#...###.#..#
....## ........#...# #.#.##
.....# .)...........# #.#.#
.....# ...#+##.#...# #.#.#
###..+ .. +....#...###.#.#


You could see a gnoll.

Vanquished Creatures
  3 gnolls (D:2)
  2 giant geckos
  A ball python (D:1)
  3 giant cockroaches
  5 kobolds
  A quokka (D:2)
  2 bats (D:1)
  A giant newt (D:1)
  4 goblins
  3 rats (D:1)
25 creatures vanquished.

Notes
Turn   | Place    | Note
--------------------------------------------------------------
     0 | D:1      | abixa, the Ogre Berserker, began the quest for the Orb.
     0 | D:1      | Reached XP level 1. HP: 24/24 MP: 1/1
   194 | D:1      | Reached XP level 2. HP: 25/32 MP: 2/2
   554 | D:1      | Reached skill level 5 in Maces & Flails
   986 | D:2      | Reached XP level 3. HP: 32/39 MP: 3/3
  1014 | D:2      | Acquired Trog's second power
  1014 | D:2      | Reached skill level 1 in Throwing
  1031 | D:2      | Slain by a gnoll

Action                   || total
-------------------------++-------
Melee: Mace              ||    91
Throw: Stone             ||     6
 Stab: Sleeping          ||     1
